 Dungeon Crawl Stone Soup version 0.24-a0-181-gd121a6d (webtiles) character file.

Game seed: 6313791224865148852

399 galech the Chopper (level 6, 0/48 HPs)
             Began as a Demonspawn Fighter on Mar 14, 2019.
             Slain by a sky beast (6 damage)
             ... on level 5 of the Dungeon.
             The game lasted 00:04:24 (3676 turns).

galech the Chopper (Demonspawn Fighter)             Turns: 3676, Time: 00:04:25

Health: 0/48       AC: 14    Str: 24    XL:     6   Next: 53%
Magic:  6/6        EV:  5    Int: 10    God:
Gold:   304        SH: 10    Dex: 14    Spells: 5/5 levels left

rFire    . . .     SeeInvis .   a - +0 war axe
rCold    + . .     Gourm    .   c - +0 shield
rNeg     . . .     Faith    .   r - +0 plate armour
rPois    .         Spirit   .   (no helmet)
rElec    .         Reflect  .   m - +0 cloak
rCorr    .         Harm     .   l - +0 pair of gloves
MR       .....                  (no boots)
Stlth    ..........             (no amulet)
HPRegen  0.16/turn              k - +3 ring of strength (curse)
MPRegen  0.10/turn              (no ring)

@: mighty
A: cold resistance 1, powered by death 1, freezing cloud immunity
a: no special abilities


You were on level 5 of the Dungeon.
You were not hungry.

You visited 1 branch of the dungeon, and saw 5 of its levels.

You collected 304 gold pieces.

Inventory:

Hand Weapons
 a - a +0 war axe (weapon)
Armour
 c - a +0 shield (worn)
 h - a +0 leather armour of fire resistance
 l - a +0 pair of gloves (worn)
 m - a +0 cloak (worn)
 r - a +0 plate armour (worn)
Jewellery
 k - a cursed +3 ring of strength (left hand)
Wands
 p - a wand of random effects (13)
 s - a wand of polymorph (9)
Scrolls
 b - a scroll of enchant armour {unknown}
 e - 4 scrolls of identify {unknown}
 g - 3 scrolls of fog {unknown}
 j - a scroll of amnesia {unknown}
 o - 2 scrolls of remove curse {unknown}
 q - a scroll of magic mapping {unknown}
 t - a scroll of immolation {unknown}
Potions
 i - 2 potions of heal wounds
 n - a potion of curing {unknown}
Comestibles
 f - 4 rations


   Skills:
 + Level 3.7 Fighting
 + Level 4.1 Axes
 + Level 3.9 Armour
 + Level 1.3 Dodging
 + Level 3.9 Shields


You had 5 spell levels left.
You didn't know any spells.
Your spell library was empty.

Dungeon Overview and Level Annotations

Branches:
Dungeon (5/15)
 Temple: D:4-7

Altars:
Elyvilon
Nemelex Xobeh
Uskayaw
Xom

Annotations:
D:3 1 runed translucent door, Duffy's ghost, amateur OpTm


Innate Abilities, Weirdness & Mutations

Your flesh is cold resistant. (rC+)
You regenerate a little health from kills.
You are immune to freezing clouds.


Message History

You slash the ogre!
You kill the ogre!
Your Axes skill increases to level 4!
You barely miss something. Something hits you but does no damage.
You barely miss something.
Something hits you but does no damage. x2
You miss something. Something hits you but does no damage.
Your shield prevents you from hitting something.
Something hits you but does no damage.
You barely miss something. Something completely misses you.
Something hits you but does no damage.
You hit something. Something hits you but does no damage.
You completely miss something. Something hits you but does no damage.
Something hits you. Something shocks you.
* * * LOW HITPOINT WARNING * * *
You barely miss something. Something hits you but does no damage.
You hit something. Something hits you but does no damage.
You closely miss something. You block something's attack. Something hits you.
* * * LOW HITPOINT WARNING * * *
Something shocks you.
You die...

#.# # #.# .. #. #.#
#.##.#.# ### #.#
###.##.#.# #.. #.#
#......#.# #.#
#.###.#.#..#.# #.#
#............####≈#
###.#..........##.####..)
#.#.........@{.......(.
#.##.........).......!.
#.##.........##.##.....
#.##...............####
#.##.........##.##.#
#.##.........##.# #
#.##.........##?.
#.........###.
>..##.#####


There were no monsters in sight!

Vanquished Creatures
  An ogre (D:5)
  A scorpion (D:4)
  A bullfrog zombie (D:5)
  A crimson imp (D:3)
  A hound (D:5)
  2 worker ants (D:4)
  A gnoll (D:2)
  3 adders
  A shadow imp (D:4)
  An ooze (D:2)
  An adder skeleton (D:4)
  5 worms
  A dart slug (D:1)
  2 leopard geckos
  5 orcs (D:3)
  9 bats
  2 giant cockroaches
  8 goblins
  6 hobgoblins
  2 frilled lizards
  3 kobolds
  A quokka skeleton (D:4)
  3 rats
61 creatures vanquished.

Vanquished Creatures (others)
  10 fungi (D:4)
10 creatures vanquished.

Grand Total: 71 creatures vanquished

Notes
Turn   | Place    | Note
-------+----------+-------------------------------------------
     0 | D:1      | galech the Demonspawn Fighter began the quest for the Orb.
     0 | D:1      | Reached XP level 1. HP: 18/18 MP: 1/1
   151 | D:1      | Gained mutation: Your flesh is cold resistant. (rC+)
                  | [demonic ancestry]
   151 | D:1      | Reached XP level 2. HP: 19/24 MP: 2/2
   912 | D:2      | Reached skill level 2 in Axes
   944 | D:2      | Noticed a +0 dagger
   944 | D:2      | Noticed a +0 hand axe
   949 | D:2      | Gained mutation: You are immune to freezing clouds.
                  | [demonic ancestry]
   949 | D:2      | Reached XP level 3. HP: 24/29 MP: 3/3
   959 | D:2      | Found a hide-covered altar of Uskayaw.
  1237 | D:2      | Reached skill level 1 in Dodging
  1308 | D:2      | Reached XP level 4. HP: 14/35 MP: 4/4
  1466 | D:2      | Found a shimmering altar of Xom.
  1884 | D:3      | Found a sparkling altar of Nemelex Xobeh.
  2036 | D:3      | Found a runed translucent door.
  2041 | D:3      | Noticed Duffy's ghost (amateur OpTm)
  2395 | D:4      | Reached skill level 3 in Axes
  2395 | D:4      | Gained mutation: You regenerate a little health from kills.
                  | [demonic ancestry]
  2395 | D:4      | Reached XP level 5. HP: 30/41 MP: 5/5
  2567 | D:4      | Found a white marble altar of Elyvilon.
  3592 | D:5      | Entered Level 5 of the Dungeon
  3612 | D:5      | Reached XP level 6. HP: 47/47 MP: 6/6
  3628 | D:5      | Noticed a sky beast
  3667 | D:5      | Reached skill level 4 in Axes
  3676 | D:5      | Slain by a sky beast

Levels and vault maps discovered:
D:1:      sevenhm_arrival_forest_fort_large_4, layout_basic, minmay_door_square
D:2:      layout_rooms, dancing_weapons_uskayaw, tgw_xom
D:3:      layout_basic, nemelex_xobeh_ov_fountains_minmay,
          ebering_ghost_reflecting_pool
D:4:      layout_loops_ring, elyvilon_altar_3, serial_aquarium,
          aquarium_bridge_island_large [aquarium_subvault_large_4_pools,
          aquarium_subvault_window, aquarium_subvault_bridge,
          aquarium_subvault_bridge, aquarium_subvault_wall],
          aquarium_window_fake, aquarium_window_fake, aquarium_window_fake,
          aquarium_view_2d, aquarium_view_2c, aquarium_pool_S, first_ration
D:5:      layout_loops_ring, lemuel_crystal_altar, serial_shops,
          nicolae_shop_trees, serial_bayou_pond_e, small_statue_intersection,
          serial_park_tiny_2, uniq_pikel, uniq_ijyb

Skill      XL: |  1  2  3  4  5  6 |
---------------+-------------------+-----
Armour         | 3 |  3.9
Axes           | 2 3 4 |  4.1
Dodging        | 1 |  1.3
Shields        | 3 |  3.9
Fighting       | |  3.7

Action                   |  1- 3 |  4- 6 || total
-------------------------+-------+-------++-------
Melee: War axe           |   108 |   190 ||   298
  Use: Potion            |       |     4 ||     4
  Eat: Chunk             |     1 |     5 ||     6
       Ration            |       |     1 ||     1
Armor: Scale mail        |    62 |    35 ||    97
       Plate armour      |       |   111 ||   111
       Chain mail        |       |     7 ||     7
Dodge: Dodged            |    41 |    50 ||    91
Block: Shield            |    63 |    99 ||   162

Table legend:
 A = Non-vault XP
 B = Vault XP
 C = Vault XP percentage of total XP
 D = Non-vault monster count
 E = Vault monster count
 F = Vault count percentage of total count
                 A         B        C        D         E       F
            +---------+---------+-------+---------+---------+-------
      Total |     544 |      26 |   4.6 |      55 |       6 |   9.8
            +---------+---------+-------+---------+---------+-------
        D:1 |      27 |       0 |   0.0 |      14 |       0 |   0.0
        D:2 |      54 |      26 |  32.5 |      13 |       6 |  31.6
        D:3 |      74 |       0 |   0.0 |      14 |       0 |   0.0
        D:4 |     172 |       0 |   0.0 |      11 |       0 |   0.0
        D:5 |     217 |       0 |   0.0 |       3 |       0 |   0.0
            +---------+---------+-------+---------+---------+-------
